 Dungeon Crawl Stone Soup version bcrawl-1.12-10-g10a67aac0f (webtiles) character file.

Game seed: 3505132851555712287

254 Hercules1031 the Sneak (level 5, 0/35 HPs)
             Began as a Dusk Walker Archaeologist on June 10, 2019.
             Slain by a gnoll
             ... wielding a +2 vampiric whip
              (2 damage)
             ... on level 3 of the Dungeon on June 14, 2019.
             The game lasted 00:11:14 (2614 turns).

Hercules1031 the Sneak (Dusk Walker Archaeologist)  Turns: 2614, Time: 00:11:15

Health: 0/35       AC: 18    Str: 11    XL:     5   Next: 91%
Magic:  5/5        EV:  3    Int: 18    God:
Gold:   157        SH:  0    Dex: 13    Spells: 3/4 levels left

rFire    . . .     SeeInvis .   m - +2 short sword
rCold    . . .     Gourm    .   (no shield)
rNeg     . . .     Faith    .   y - +0 plate armour
rPois    .         Spirit   .   t - +1 helmet
rElec    .         Reflect  .   (no cloak)
rCorr    .         Harm     .   d - +1 pair of gloves
MR       .....                  c - +2 pair of boots
Stlth    +.........             (no amulet)
HPRegen  0.11/turn              o - +4 ring of intelligence
MPRegen  0.09/turn              (no ring)

@: glowing, studying Polearms
A: draining touch, unencumbered stealth, fangs 2, nightstalker 1
a: no special abilities


You were on level 3 of the Dungeon.
You were not hungry.

You visited 1 branch of the dungeon, and saw 3 of its levels.

You collected 157 gold pieces.

Inventory:

Hand Weapons
 h - the +1 great mace "Aqumno" {protect, rElec Int+4}
   (You took it off an ogre on level 3 of the Dungeon)

   It grants its wielder temporary protection when it strikes (+7 to AC).
   It affects your intelligence (+4).
   It insulates you from electricity.
 m - a +2 short sword (weapon)
 w - a +0 trident
Armour
 a - a +1 robe
 b - a +1 hat
 c - a +2 pair of boots (worn)
 d - a +1 pair of gloves (worn)
 k - a +0 ring mail
 t - a +1 helmet (worn)
 y - a +0 plate armour (worn)
Jewellery
 o - a +4 ring of intelligence (left hand)
Wands
 r - a wand of flame (20)
Scrolls
 q - a scroll of enchant weapon
 u - a scroll of fear {unknown}
 v - a scroll of identify {unknown}
Potions
 i - 2 potions of lignification
 j - 3 potions of invisibility
 l - 2 potions of heal wounds {unknown}
 n - a potion of haste {unknown}
 p - a potion of might {unknown}
 s - a potion of ambrosia {unknown}
 x - a potion of mutation {unknown}
Books
 e - a manual of Polearms
Miscellaneous
 f - an ancient crate
Comestibles
 g - 2 rations {!d}


   Skills:
 + Level 2.5 Fighting
 - Level 1.0 Short Blades
 + Level 2.3 Polearms
 + Level 2.2 Armour
 + Level 3.7 Dodging
 * Level 7.4 Stealth


You had 3 spell levels left.
You knew the following spells:

 Your Spells              Type           Power        Failure   Level  Hunger
a - Pain                  Necr           #...         100%        1    ##.....

Your spell library contained the following spells:

 Spells                   Type           Power        Failure   Level  Hunger
 Animate Skeleton         Necr           N/A          100%        1    ##.....
 Regeneration             Chrm/Necr      #.........   100%        3    ####...
 Vampiric Draining        Necr           #.........   100%        3    ####...
 Animate Dead             Necr           N/A          100%        4    #####..
 Bolt of Draining         Conj/Necr      #.........   100%        5    ######.


Dungeon Overview and Level Annotations

Branches:
Dungeon (3/12)

Altars:
Dithmenos
Hepliaklqana
Nemelex Xobeh
Trog


Innate Abilities, Weirdness & Mutations

Your attacks drain your enemies.
You move stealthily even while encumbered by armour.
You have extremely sharp teeth.
You are slightly more attuned to the shadows.


Message History

You hit the gnoll. You drain the gnoll.
The gnoll is heavily wounded.
The gnoll shaman hits you but does no damage.
The gnoll hits you but does no damage. The gnoll barely misses you.
You hit the gnoll but do no damage.
The gnoll is heavily wounded.
The gnoll hits you but does no damage.
The gnoll shaman hits you but does no damage.
The gnoll hits you but does no damage. x2
You hit the gnoll.
The gnoll is severely wounded.
The gnoll shaman hits you but does no damage.
The gnoll hits you from afar with a +0 halberd.
* * * LOW HITPOINT WARNING * * *
The gnoll hits you from afar with a +1 spear of freezing.
* * * LOW HITPOINT WARNING * * *
The gnoll freezes you.
* * * LOW HITPOINT WARNING * * *
The gnoll hits you with a +2 vampiric whip.
You die...

.# #.#....<#(>#
.###############
.#....(........#
##.###########.#
#.# #.# ##.# #.#
...# #.# ####
#.### #.g@#
###g#


#gg.gg# ####### You could see a gnoll shaman and 3 gnolls.

Vanquished Creatures
  An ogre (D:3)
  The ghost of yrara the Skirmisher, a weakling DsFi (D:3)
  Robin (D:2)
  An adder (D:2)
  2 gnolls
  4 oozes
  5 leopard geckos
  5 orcs (D:3)
  3 bats
  5 giant cockroaches
  9 goblins
  7 hobgoblins
  2 quokkas (D:2)
  7 frilled lizards
  6 kobolds
  7 rats
66 creatures vanquished.

Notes
Turn   | Place    | Note
-------+----------+-------------------------------------------
     0 | D:1      | Hercules1031 the Dusk Walker Archaeologist began the quest
                  | for the Orb.
     0 | D:1      | Reached XP level 1. HP: 13/13 MP: 1/1
    93 | D:1      | Reached skill level 5 in Stealth
   191 | D:1      | Reached XP level 2. HP: 18/18 MP: 2/2
  1098 | D:2      | Reached skill level 1 in Armour
  1098 | D:2      | Reached XP level 3. HP: 19/23 MP: 3/3
  1203 | D:2      | Reached skill level 1 in Short Blades
  1253 | D:2      | Reached skill level 6 in Stealth
  1330 | D:2      | Found a bloodstained altar of Trog.
  1451 | D:2      | Noticed Robin
  1460 | D:2      | Gained mutation: You are slightly more attuned to the
                  | shadows. [Dusk Walker growth]
  1460 | D:2      | Reached XP level 4. HP: 19/29 MP: 4/4
  1467 | D:2      | Killed Robin
  1919 | D:3      | Reached skill level 1 in Polearms
  1971 | D:3      | Learned a level 1 spell: Pain
  2024 | D:3      | Found a sparkling altar of Nemelex Xobeh.
  2112 | D:3      | Found a transporter.
  2114 | D:3      | Noticed yrara's ghost (weakling DsFi)
  2116 | D:3      | Identified the +1 great mace "Aqumno" {protect, rElec
                  | Int+4}
  2116 | D:3      | Noticed an ogre
  2214 | D:3      | Found a transporter.
  2242 | D:3      | Killed yrara's ghost
  2242 | D:3      | Reached XP level 5. HP: 18/34 MP: 1/5
  2249 | D:3      | Killed an ogre
  2249 | D:3      | Reached skill level 7 in Stealth
  2306 | D:3      | Upgraded the game from bcrawl-1.12-8-g964540c432 to
                  | bcrawl-1.12-10-g10a67aac0f
  2376 | D:3      | Found a hazy altar of Hepliaklqana.
  2450 | D:3      | Found a shadowy altar of Dithmenos.
  2614 | D:3      | Slain by a gnoll

Skill      XL: |  1  2  3  4  5 |
---------------+----------------+-----
Stealth        | 5 6 7 |  7.4
Armour         | 1 2 |  2.2
Short Blades   | 1 |  1.0
Fighting       | 2 |  2.5
Polearms       | 1 2 |  2.3
Dodging        | |  3.7

Action                   |  1- 3 |  4- 6 || total
-------------------------+-------+-------++-------
Melee: Unarmed           |    27 |       ||    27
       Bite              |     3 |     4 ||     7
       Short sword       |    60 |    86 ||   146
 Cast: Pain              |       |     4 ||     4
  Use: Scroll            |     5 |     1 ||     6
       Potion            |       |     5 ||     5
 Stab: Sleeping          |    12 |     8 ||    20
       Invisible         |       |     3 ||     3
       Distracted        |       |     1 ||     1
  Eat: Chunk             |     1 |       ||     1
       Ration            |     2 |       ||     2
Armor: Robe              |    46 |    10 ||    56
       Skin              |       |     1 ||     1
       Plate armour      |       |    22 ||    22
Dodge: Dodged            |    43 |    41 ||    84
